 Dungeon Crawl Stone Soup version 0.29-a0-330-g52719c12eb (webtiles) character file.

Game seed: 15545511211099372226

189 kae the Changer (level 5, -25/40 HPs)
             Began as a Draconian Transmuter on May 18, 2022.
             Annihilated by an ogre
             ... wielding a +0 giant spiked club
              (31 damage)
             ... on level 6 of the Dungeon.
             The game lasted 00:02:52 (3405 turns).

kae the Changer (Draconian Transmuter)              Turns: 3405, Time: 00:02:52

Health: -25/40     AC:  2    Str: 12      XL:     5   Next: 40%
Magic:  3/8        EV: 19    Int: 15 (16) God:
Gold:   149        SH:  0    Dex: 15 (16) Spells: 3/9 levels left

rFire   . . .      SeeInvis .     - Unarmed
rCold   + . .      Faith    .   (shield currently unavailable)
rNeg    . . .      Spirit   .   (body armour unavailable)
rPois   x          Reflect  .   (helmet currently unavailable)
rElec   .          Harm     .   (cloak currently unavailable)
rCorr   .          Rampage  .   (gloves currently unavailable)
Will    .....      Rage     1%  (boots currently unavailable)
Stlth   +.........              (no amulet)
HPRegen 0.13/turn               f - ring of protection from cold
MPRegen 0.11/turn               (no ring)

@: spider-form
A: venomous fangs, AC +5, tiny, unfitting armour, (cold-blooded), (big wings),
(talons 1), berserk 1, low MP 1
a: End Transformation


You were on level 6 of the Dungeon.
You were a venomous arachnid creature.
You visited 1 branch of the dungeon, and saw 5 of its levels.

You collected 149 gold pieces.

Inventory:

Hand Weapons
 d - a +2 dagger of electrocution (melded)
Jewellery
 f - a ring of protection from cold (left front leg)
Wands
 c - a wand of flame (13)
Scrolls
 g - a scroll of brand weapon {unknown}
Potions
 a - a potion of lignification
 e - 2 potions of resistance


   Skills:
 - Level 1.1 Fighting
 - Level 1.7 Dodging
 + Level 3.8 Unarmed Combat
 + Level 2.9 Spellcasting
 * Level 3.9 Transmutations
 * Level 2.0 Poison Magic


You had 3 spell levels left.
You knew the following spells:

 Your Spells              Type           Power      Damage    Failure   Level
a - Beastly Appendage     Tmut           28%        N/A       13%         1
b - Wereblood             Tmut           14%        N/A       17%         2
c - Spider Form           Tmut/Pois      11%        N/A       38%         3

Your spell library contained the following spells:

 Spells                   Type           Power      Damage    Failure   Level
 Shock                    Conj/Air       8%         1d3       41%         1
 Blink                    Tloc           4%         N/A       52%         2
 Swiftness                Air            2%         N/A       73%         3
 Ice Form                 Ice/Tmut       8%         N/A       83%         4
 Airstrike                Air            1%         N/A       97%         4
 Iskenderun's Mystic Bla  Conj/Tloc      2%         2d3       97%         4
 Manifold Assault         Tloc           2%         N/A       100%        5


Dungeon Overview and Level Annotations

Branches:
Dungeon (4/15)
 Temple: D:4-7

Altars:
Trog
Vehumet

Shops:
D:1 [


Innate Abilities, Weirdness & Mutations

You are a venomous arachnid creature.
You have poisonous fangs.
You are tiny and dextrous.
Your spellcasting is less reliable in this form.
Your armour is entirely melded.
You are incapable of wielding weapons or throwing items.
((Your plain brown scales are hard. (AC +5)))
You cannot fit into any form of body armour.
((You are cold-blooded and may be slowed by cold attacks.))
((Your large and strong wings let you fly.))
((You have sharp toenails.))
You tend to lose your temper in combat.
Your magical capacity is low. (-10% MP)


Message History

You hit the jelly.
You kill the jelly!
Your Poison Magic skill increases to level 2!
Your transformation has ended.
Your +2 dagger of electrocution unmelds from your body.
You hear the crackle of electricity.
An ogre comes into view. It is wielding a +0 giant spiked club.
The ogre shouts!
A scorpion comes into view.
Found 8 gold pieces.
Casting: Spider Form (quite dangerous; 19% risk of failure)
Confirm with . or Enter, or press ? or * to list all spells.
The spell is quite dangerous to miscast (19% risk of failure)!
Continue anyway? [Y]es or [N]o only, please.
The spell is quite dangerous to miscast (19% risk of failure)!
Continue anyway?
You turn into a venomous arachnid creature.
Your +2 dagger of electrocution melds into your body.
Your +2 dagger of electrocution stops crackling.
You feel better.
You hit the ogre.
The ogre is poisoned.
The ogre is lightly wounded.
The ogre misses you.
You hit the ogre.
The ogre looks as sick as possible!
The ogre is moderately wounded.
You barely miss the ogre.
The ogre is heavily wounded.
The ogre hits you with a +0 giant spiked club!!
Ouch! That really hurt!
* * * LOW HITPOINT WARNING * * *
You hit the ogre but do no damage.
The ogre looks as sick as possible!
The ogre is heavily wounded.
You are no longer corroded.
The ogre closely misses you.
You completely miss the ogre.
The ogre is heavily wounded.
You hit the ogre.
The ogre looks as sick as possible!
The ogre is severely wounded.
The ogre hits you with a +0 giant spiked club!!
Ouch! That really hurt!
You die...

#. #..## . .
#.##...##.#
.$#.......#.#
#.........
......#
#...##.##.
#.s.......
##O###.###
#######s###.#
............#
.##......†..#
#.###.###.# #
###.# .#
#...# # #.###
#.# #.#


You could see an ogre (extremely poisoned) and a scorpion.

Vanquished Creatures
  A jelly (D:6)
  Jessica (D:3)
  An iguana (D:6)
  Robin (D:3)
  An adder (D:2)
  3 gnolls (D:2)
  2 worms (D:3)
  3 orcs (D:4)
  2 endoplasms
  2 giant cockroaches
  13 goblins
  5 hobgoblins
  A quokka (D:2)
  A ball python (D:3)
  3 bats
  4 frilled lizards
  2 kobolds
  7 rats
53 creatures vanquished.

Notes
Turn   | Place    | Note
-------+----------+-------------------------------------------
     0 | D:1      | kae the Draconian Transmuter began the quest for the Orb.
     0 | D:1      | Reached XP level 1. HP: 16/16 MP: 3/3
     6 | D:1      | Noticed a five-headed hydra
     6 | D:1      | Noticed a polar bear
     7 | D:1      | Noticed a killer bee
     7 | D:1      | Noticed a black mamba
   109 | D:1      | Found a faded altar of an unknown god.
   284 | D:1      | Found Vaps's Armour Boutique.
   584 | D:1      | Reached XP level 2. HP: 23/23 MP: 3/5
   814 | D:1      | Got Soeczeh's Incunabulum of the Voyage
  1421 | D:1      | Learned a level 2 spell: Wereblood
  1819 | D:2      | Reached XP level 3. HP: 26/28 MP: 4/6
  1823 | D:2      | Learned a level 3 spell: Spider Form
  2461 | D:3      | Found a radiant altar of Vehumet.
  2671 | D:3      | Noticed Jessica
  2694 | D:3      | Reached XP level 4. HP: 13/35 MP: 7/7
  2700 | D:3      | Gained mutation: You tend to lose your temper in combat.
                  | [potion of mutation]
  2700 | D:3      | Gained mutation: Your magical capacity is low. (-10% MP)
                  | [potion of mutation]
  2700 | D:3      | Gained mutation: You have sharp toenails. [potion of
                  | mutation]
  2700 | D:3      | Gained mutation: Your large and strong wings let you fly.
                  | [potion of mutation]
  2703 | D:3      | Killed Jessica
  2704 | D:3      | Reached skill level 1 in Poison Magic
  2955 | D:3      | Noticed Robin
  2965 | D:3      | Killed Robin
  3044 | D:3      | Noticed a moth of wrath
  3047 | D:3      | Found a bloodstained altar of Trog.
  3374 | D:4      | You are sucked into a shaft and drop 2 floors!
  3386 | D:6      | Reached XP level 5. HP: 40/40 MP: 4/8
  3393 | D:6      | Noticed an ogre
  3405 | D:6      | Annihilated by an ogre

Illustrated notes

Levels and vault maps discovered:
D:1:      onia_arrival_zoo_common, layout_basic, serial_shops,
          nicolae_shop_stone, hellmonk_ecumenical_altar_blasted,
          corexii_corridor_pit
D:2:      layout_loops_ring, glass_columns_a
D:3:      layout_basic, tgw_trog, nicolae_vehumet_radiance, uniq_jessica,
          uniq_robin
D:4:      nicolae_cairo_tiling_very_big, layout_basic,
          nicolae_overflow_hidden_temple, minmay_temple_entry_drinking_statues,
          lightli_ossuary_entry_decrepit_ruins
D:6:      layout_loops_ring, gammafunk_ghost_smash, grunt_ministairs_4

Skill      XL: |  1  2  3  4  5 |
---------------+----------------+-----
Transmutations | 3 |  3.9
Poison Magic   | 1 2 |  2.0
Fighting       | |  1.1
Dodging        | |  1.7
Unarmed Combat | |  3.8
Spellcasting   | |  2.9

Action                   |  1- 3 |  4- 6 || total
-------------------------+-------+-------++-------
Melee: Dagger            |    61 |    18 ||    79
       Kick              |     5 |     4 ||     9
       Headbutt          |     6 |     1 ||     7
       Tailslap          |     2 |     3 ||     5
       Unarmed           |     8 |    37 ||    45
 Cast: Beastly Appendage |    20 |     2 ||    22
       Spider Form       |     2 |     4 ||     6
       Wereblood         |       |     2 ||     2
  Use: Scroll            |     6 |     1 ||     7
       Potion            |     2 |     5 ||     7
 Stab: Sleeping          |     2 |       ||     2
Armor: Skin              |    32 |     4 ||    36
Dodge: Dodged            |    60 |    30 ||    90

Table legend: (Time is in decaauts)
 A = Elapsed time spent in this place.
 B = Non-inter-level travel time spent in this place.
 C = Inter-level travel time spent in this place.
 D = Time resting spent in this place.
 E = Time spent auto-exploring this place.
 F = Levels seen in this place.
 G = Mean time per level.
                   A        B        C        D        E       F      G
               +--------+--------+--------+--------+--------+-----+--------+
         Total |   3381 |   3294 |     87 |     11 |   2813 |   5 |  676.2 |
       Dungeon |   3381 |   3294 |     87 |     11 |   2813 |   5 |  676.2 |
               +--------+--------+--------+--------+--------+-----+--------+

Top non-repeatable levels by time:
     D:1: 1278 daAuts
     D:2: 1046 daAuts
     D:3: 892 daAuts
     D:4: 133 daAuts
     D:6: 30 daAuts
